 Dungeon Crawl Stone Soup version 0.28.0-45-g0d030f2227 (webtiles) character file.

Game seed: 17904758613662358590

62 boopmooplesden the Skirmisher (level 3, -5/51 HPs)
             Began as a Minotaur Berserker on Apr 4, 2022.
             Was a Believer of Trog.
             Slain by an orc priest
             ... wielding a +0 trident
              (6 damage)
             ... on level 2 of the Dungeon.
             The game lasted 00:01:19 (1736 turns).

boopmooplesden the Skirmisher (Minotaur Berserker)  Turns: 1736, Time: 00:01:20

Health: -5/51      AC:  2    Str: 21    XL:     3   Next: 85%
Magic:  2/2        EV: 12    Int:  4    God:    Trog [**....]
Gold:   83         SH:  0    Dex: 11    Spells: 2/2 levels left

rFire   . . .      SeeInvis .   a - +0 falchion
rCold   . . .      Faith    .   (no shield)
rNeg    . . .      Spirit   .   b - +0 animal skin
rPois   .          Reflect  .   (helmet restricted)
rElec   .          Harm     .   (no cloak)
rCorr   .          Rampage  .   (no gloves)
Will    .....                   (no boots)
Stlth   ..........              (no amulet)
HPRegen 0.17/turn               (no ring)
MPRegen 0.08/turn               (no ring)

@: berserking, very quick
A: horns 2, retaliatory headbutt
a: Renounce Religion, Berserk, Trog's Hand


You were on level 2 of the Dungeon.
You worshipped Trog.
Trog was pleased with you.
You visited 1 branch of the dungeon, and saw 2 of its levels.

You collected 83 gold pieces.

Inventory:

Hand Weapons
 a - a +0 falchion (weapon)
 h - a +0 hand crossbow
Missiles
 i - a throwing net (quivered)
Armour
 b - a +0 animal skin (worn)
Jewellery
 f - a +4 ring of evasion
Scrolls
 e - 3 scrolls of identify {unknown}
Potions
 c - a potion of magic {unknown}
 d - 3 potions of attraction {unknown}
 g - 2 potions of brilliance {unknown}


   Skills:
 + Level 4.6 Fighting
 + Level 4.4 Long Blades
 + Level 2.7 Armour
 + Level 2.7 Dodging
 + Level 0.4 Stealth


You had 2 spell levels left.
You didn't know any spells.
Your spell library was empty.

Dungeon Overview and Level Annotations

Branches:
Dungeon (2/15)

Altars:


Innate Abilities, Weirdness & Mutations

You have a pair of horns on your head.
You reflexively headbutt those who attack you in melee.


Message History

Trog accepts your kill.
You see here an adder corpse.
There is an open door here.
There is an open door here.
An orc, an orc wizard and 2 orc priests come into view.
The orc shouts!
The orc priest shouts! x2
There are monsters nearby!
There are monsters nearby!
You closely miss the orc.
The orc priest miscasts a cantrip.
A red film seems to cover your vision as you go berserk!
You feel yourself moving faster!
You feel mighty! The orc hits you with a +0 falchion.
The orc priest hits you with a +0 dagger.
You barely miss the orc priest. The orc priest closely misses you.
The orc hits you with a +0 falchion!
You barely miss the orc priest.
The orc priest mumbles some strange prayers to Beogh against you.
Pain shoots through your body! The orc hits you with a +0 falchion.
The orc priest hits you from afar with a +0 trident.
* * * LOW HITPOINT WARNING * * *
You slash the orc priest!
The orc priest is severely wounded.
The orc barely misses you.
The orc priest hits you with a +0 dagger.
* * * LOW HITPOINT WARNING * * *
The orc priest hits you from afar with a +0 trident!
* * * LOW HITPOINT WARNING * * *
You barely miss the orc priest.
The orc priest is severely wounded.
You closely miss the orc priest.
The orc priest is severely wounded.
The orc priest completely misses you. You furiously retaliate!
You headbutt the orc priest!!
You kill the orc priest!
Trog accepts your kill. The orc hits you with a +0 falchion.
* * * LOW HITPOINT WARNING * * *
The orc priest hits you from afar with a +0 trident.
You die...

###########.#
#### #.# .... .#
### #.# ##'# ...
..# #.# .... #.#
#.# .....##.# #.#
# ........#####.#
## #.......# .#
+......##@#######
## #......
#o)oo.... .#.#
#.#... #.######.
.#..# #.##.# #.#
.+...# #....( ..#
.#.... #..#.# #.#
.#.....#..#.# #.#
###....#)##<# #.#
#...'..#.#


You could see an orc priest, an orc wizard and an orc.

Vanquished Creatures
  An orc priest (D:2)
  A gnoll (D:1)
  An adder (D:2)
  3 dart slugs (D:1)
  5 bats
  5 endoplasms
  A goblin (D:2)
  2 hobgoblins
  A jackal (D:2)
  2 quokkas (D:1)
  4 ball pythons
  3 frilled lizards
  7 kobolds
  2 rats (D:1)
38 creatures vanquished.

Notes
Turn   | Place    | Note
-------+----------+-------------------------------------------
     0 | D:1      | boopmooplesden the Minotaur Berserker began the quest for
                  | the Orb.
     0 | D:1      | Reached XP level 1. HP: 19/19 MP: 0/0
   135 | D:1      | Found a faded altar of an unknown god.
   434 | D:1      | Reached XP level 2. HP: 23/27 MP: 1/1
   711 | D:1      | Reached XP level 3. HP: 11/34 MP: 2/2
  1400 | D:2      | Reached ** piety under Trog
  1736 | D:2      | HP: 1/51 [orc/+0 falchion (4)]
  1736 | D:2      | Slain by an orc priest

Illustrated notes

Levels and vault maps discovered:
D:1:      dpeg_arrival_water_temple_mockup, layout_basic,
          ebering_ecumenical_altar_mist, kennysheep_nondescript
D:2:      layout_loops_ring, serial_shops, shop_coins, minmay_quadrilaterals

Skill      XL: |  1  2 |
---------------+-------+-----
Fighting       | 4 |  4.6
Long Blades    | 4 |  4.4
Armour         | |  2.7
Dodging        | |  2.7
Stealth        | |  0.4

Action                   || total
-------------------------++-------
Melee: Falchion          ||    67
       Headbutt          ||     4
       Punch             ||     1
Invok: Berserk           ||     1
 Stab: Sleeping          ||     1
Armor: Animal skin       ||    12
Dodge: Dodged            ||    62
